 Dungeon Crawl Stone Soup version 0.26.0-10-g1f06aea511 (webtiles) character file.

Game seed: 14492305312728291587

180 Borgoz the Slasher (level 5, -8/45 HPs)
             Began as a Ghoul Gladiator on Jan 13, 2021.
             Killed by divine providence
             ... invoked by an orc priest
              (9 damage)
             ... on level 3 of the Dungeon.
             The game lasted 00:03:27 (1952 turns).

Borgoz the Slasher (Ghoul Gladiator)                Turns: 1952, Time: 00:03:28

Health: -8/45      AC:  6    Str: 18    XL:     5   Next: 60%
Magic:  4/4        EV: 13    Int:  3    God:
Gold:   91         SH:  0    Dex: 11    Spells: 4/4 levels left

rFire    . . .     SeeInvis .   a - +0 long sword
rCold    + . .     Faith    .   (no shield)
rNeg     + + +     Spirit   .   r - +0 leather armour (curse)
rPois    ∞         Reflect  .   c - +0 helmet
rElec    .         Harm     .   m - +0 cloak
rCorr    .         Rampage  .   s - +0 pair of gloves
Will     .....                  (no boots)
Stlth    +.........             b - amulet of the acrobat
HPRegen  0.00/turn              (no ring)
MPRegen  0.09/turn              (no ring)

@: no status effects
A: claws 1, cold resistance 1, negative energy resistance 3, inhibited
regeneration, torment resistance, unbreathing
a: no special abilities


You were on level 3 of the Dungeon.
You visited 1 branch of the dungeon, and saw 3 of its levels.

You collected 91 gold pieces.

Inventory:

Hand Weapons
 a - a +0 long sword (weapon)
Missiles
 d - 3 throwing nets (quivered)
Armour
 c - a +0 helmet (worn)
 m - a +0 cloak (worn)
 r - a cursed +0 leather armour (worn)
 s - a +0 pair of gloves (worn)
Jewellery
 b - an amulet of the acrobat (around neck)
Scrolls
 h - 3 scrolls of magic mapping
 i - a scroll of blinking {unknown}
 j - 3 scrolls of identify {unknown}
 k - a scroll of immolation {unknown}
 n - a scroll of remove curse {unknown}
 p - a scroll of noise {unknown}
 q - a scroll of enchant weapon {unknown}
 t - a scroll of fear {unknown}
 u - a scroll of fog {unknown}
Potions
 e - a potion of lignification {unknown}
 f - a potion of curing {unknown}
 g - 2 potions of haste {unknown}
 l - a potion of berserk rage
 o - a potion of attraction {unknown}


   Skills:
 + Level 3.1 Fighting
 * Level 3.9 Long Blades
 - Level 1.7 Throwing
 * Level 2.3 Armour
 + Level 3.4 Dodging


You had 4 spell levels left.
You didn't know any spells.
Your spell library was empty.

Dungeon Overview and Level Annotations

Branches:
Dungeon (3/15)

Altars:


Innate Abilities, Weirdness & Mutations

You thrive by killing the living.
You are immune to poison.
You have sharp fingernails.
Your flesh is cold resistant. (rC+)
You are immune to negative energy. (rN+++)
You do not regenerate when monsters are visible.
You are immune to unholy pain and torment.
You can survive without breathing.


Message History

The orc priest is almost dead.
The orc hits you but does no damage.
The orc priest casts a cantrip, but nothing happens.
The orc barely misses you.
You riposte.
You barely miss the orc. You closely miss the orc priest.
The orc priest is almost dead.
The orc priest barely misses you.
You riposte.
You hit the orc priest.
You kill the orc priest!
The orc hits you with a +0 mace! The orc hits you with a +0 flail.
* * * LOW HITPOINT WARNING * * *
The orc priest calls down the wrath of Beogh upon you.
Beogh smites you!
* * * LOW HITPOINT WARNING * * *
It was a potion of berserk rage.
You cannot raise a blood rage in your lifeless body.
The orc closely misses you. The orc hits you with a +0 flail.
* * * LOW HITPOINT WARNING * * *
The orc priest mumbles some strange prayers to Beogh against you.
Beogh smites you!
You die...

*****************,****,* *** ##*
*.# *,* *,* #.#############*.#
*,* *,* ##.#........>..#*.# *,*
*,*
...............#*.#***,******,***
...............##.#,,,,,,,,,,,,,,
................#.#,*#..*****,***
.#....(.........#o#.....,,,,,,*
................@o.....>,,,,,,*
.#.#............#o......*****,*
+#.#####+#†...#.#.......* *,*
......#*,#....#.#.......*****,*
......#*,#..............,,,,,,*
......#*,#...)#.#.......****,,*
......#*,#....#.#.......****,,***
........,.....[.........,,,,,,,,,
.................,...,,,,,,,,,***


You could see an orc priest and 2 orcs.

Vanquished Creatures
  2 orc priests (D:3)
  4 adders
  3 worms
  4 dart slugs
  3 leopard geckos
  3 orcs (D:3)
  2 giant cockroaches
  6 goblins
  5 hobgoblins
  4 jackals (D:1)
  A quokka (D:3)
  8 bats
  3 frilled lizards
  13 kobolds
  6 rats
67 creatures vanquished.

Notes
Turn   | Place    | Note
-------+----------+-------------------------------------------
     0 | D:1      | Borgoz the Ghoul Gladiator began the quest for the Orb.
     0 | D:1      | Reached XP level 1. HP: 17/17 MP: 0/0
   155 | D:1      | Reached XP level 2. HP: 24/24 MP: 1/1
   324 | D:1      | Reached skill level 1 in Armour
   475 | D:1      | Reached XP level 3. HP: 30/30 MP: 2/2
  1195 | D:2      | Reached XP level 4. HP: 36/37 MP: 3/3
  1666 | D:3      | Reached XP level 5. HP: 23/45 MP: 4/4
  1951 | D:3      | HP: 2/45 [orc priest/divine providence (8)]
  1952 | D:3      | Killed from afar by an orc priest

Illustrated notes

Levels and vault maps discovered:
D:1:      minmay_arrival_arboretum_small, layout_loops_ring,
          corexii_corridor_pit, minmay_cut_off
D:2:      layout_basic, hex_large, minmay_3d_cube
D:3:      layout_basic, uniq_sigmund

Skill      XL: |  1  2  3  4 |
---------------+-------------+-----
Long Blades    | 3 |  3.9
Armour         | 1 2 |  2.3
Dodging        | 3 |  3.4
Fighting       | 3 |  3.1
Throwing       | |  1.7

Action                   |  1- 3 |  4- 6 || total
-------------------------+-------+-------++-------
Melee: Long sword        |   104 |    97 ||   201
Throw: Throwing net      |     2 |       ||     2
  Use: Scroll            |       |     1 ||     1
       Potion            |       |     1 ||     1
Armor: Leather armour    |    39 |    48 ||    87
Dodge: Dodged            |   111 |    81 ||   192
       Rpst.: Long sword |    37 |    28 ||    65
